 Dungeon Crawl Stone Soup version 0.30-a0-859-gf88a04b62d (webtiles) character file.

Game seed: 11485775844835932421

127 Newt the Shooter (level 5, 0/35 HPs)
             Began as a Kobold Hunter on Mar 7, 2023.
             Slain by a goblin
             ... wielding a +0 club
              (4 damage)
             ... on level 3 of the Dungeon.
             The game lasted 00:02:35 (2610 turns).

Newt the Shooter (Kobold Hunter)                    Turns: 2610, Time: 00:02:36

Health: 0/35       AC:  4    Str:  8    XL:     5   Next: 33%
Magic:  5/5        EV: 14    Int: 10    God:
Gold:   98         SH:  0    Dex: 21    Spells: 4/4 levels left

rFire   . . .      SeeInvis .    a - +0 shortbow
rCold   . . .      Faith    .    (shield currently unavailable)
rNeg    . . .      Spirit   .    c - +1 leather armour
rPois   .          Reflect  .    (no helmet)
rElec   .          Rampage  .    k - scarf {+Inv}
rCorr   +                        (no gloves)
Will    .....                    (no boots)
Stlth   +++                      l - amulet of magic regeneration
HPRegen 0.25/turn                h - ring of resist corrosion
MPRegen 0.49/turn                (no ring)

@: no status effects
A: small, no large weapons, nightstalker 3
a: Evoke Invisibility


You were on level 3 of the Dungeon.
You visited 1 branch of the dungeon, and saw 3 of its levels.

You collected 98 gold pieces.

Inventory:

Hand Weapons
 a - a +0 shortbow (weapon)
Armour
 c - a +1 leather armour (worn)
 k - a scarf of invisibility (worn)
Jewellery
 h - a ring of resist corrosion (left hand)
 l - an amulet of magic regeneration (around neck)
Scrolls
 b - a scroll of immolation
 e - a scroll of enchant armour
 f - 2 scrolls of identify
 i - a scroll of enchant weapon {unknown}
 m - a scroll of fear
Potions
 d - a potion of attraction
 g - a potion of lignification {unknown}
 j - a potion of curing {unknown}
 n - a potion of flight {unknown}


   Skills:
 - Level 5.0 Fighting
 + Level 6.2 Ranged Weapons
 - Level 2.4 Dodging
 - Level 1.3 Stealth


You had 4 spell levels left.
You didn't know any spells.
Your spell library contained the following spells:

 Spells                   Type           Power      Damage    Failure   Level
 Beastly Appendage        Tmut           0%         N/A       50%         1
 Blink                    Tloc           0%         N/A       63%         2
 Lesser Beckoning         Tloc           0%         N/A       63%         2
 Momentum Strike          Conj/Tloc      0%         3d8       63%         2
 Wereblood                Tmut           0%         N/A       63%         2
 Spider Form              Tmut/Pois      0%         N/A       86%         3


Dungeon Overview and Level Annotations

Branches:
Dungeon (3/15)

Altars:
Makhleb

Shops:
D:1 !


Innate Abilities, Weirdness & Mutations

You are small and have problems with some larger weapons.
You are completely attuned to the shadows.


Message History

The hobgoblin attacks as you move away! The hobgoblin closely misses you.
You shoot an arrow. The arrow hits the hobgoblin.
The hobgoblin is moderately wounded.
The hobgoblin barely misses you.
You shoot an arrow. The arrow hits the hobgoblin!
You kill the hobgoblin!
You shoot an arrow.
The arrow hits the goblin but does no damage.
The goblin is moderately wounded.
The goblin hits you with a +0 club.
You shoot an arrow. The arrow barely misses the goblin.
The arrow hits the hobgoblin!
You kill the hobgoblin!
The goblin closely misses you. The hobgoblin barely misses you.
The goblin barely misses you. The goblin hits you with a +0 club.
The goblin hits you but does no damage.
There is an open door here.
You see here a +0 club.
The goblin misses you. x2
You shoot an arrow. The arrow hits the goblin.
The goblin is severely wounded.
The hobgoblin hits you with a +0 club. The goblin hits you but does no damage.
The goblin hits you with a +0 club.
You shoot an arrow. The arrow hits the goblin!
You kill the goblin!
The goblin barely misses you. The hobgoblin completely misses you.
You shoot an arrow. The arrow hits the goblin!
You kill the goblin!
You shoot an arrow. The arrow hits the goblin.
The goblin is heavily wounded.
The hobgoblin completely misses you. The goblin hits you with a +0 club.
* * * LOW HITPOINT WARNING * * *
You shoot an arrow. The arrow barely misses the hobgoblin.
The goblin hits you but does no damage. The hobgoblin misses you.
The hobgoblin hits you with a +0 club.
* * * LOW HITPOINT WARNING * * *
The goblin closely misses you.
You shoot an arrow. The arrow closely misses the goblin.
The hobgoblin completely misses you. The goblin hits you with a +0 club.
You die...

######## ################
#......## ##.....#..)....#.
#.......###......).......#.
'##........#.......#########.
)..........#)..........)..#).
.)........)g@.........÷..))..
.?........†#g.............#).
+##........#.......#########.
#.......###......'.......#.
#......## ##.....#.......#.
###########################
≈≈#####≈≈≈≈≈≈≈≈≈≈≈≈≈≈≈≈≈≈≈≈≈≈~≈~.
≈~≈≈≈≈≈≈≈≈≈≈≈≈≈≈≈≈~≈≈≈≈≈≈≈≈≈≈≈~~.
~~~~~~~~~~~~≈~~~~~~~≈~~~~~≈~~~≈~.


You could see a hobgoblin and a goblin.

Vanquished Creatures
  A hound (D:3)
  An adder (D:2)
  A worm (D:2)
  A dart slug (D:1)
  2 orcs (D:3)
  5 ball pythons
  5 endoplasms
  A giant cockroach (D:2)
  25 goblins
  10 hobgoblins (D:3)
  2 jackals (D:1)
  3 quokkas
  3 bats
  2 frilled lizards
  2 kobolds (D:2)
  6 rats
70 creatures vanquished.

Notes
Turn   | Place    | Note
-------+----------+-------------------------------------------
     0 | D:1      | Newt the Kobold Hunter began the quest for the Orb.
     0 | D:1      | Reached XP level 1. HP: 12/12 MP: 1/1
   154 | D:1      | Reached XP level 2. HP: 18/18 MP: 2/2
   665 | D:1      | Found Dimoa's Distillery.
   794 | D:1      | Found a faded altar of an unknown god.
  1024 | D:2      | Reached XP level 3. HP: 18/24 MP: 3/3
  1135 | D:2      | Found a burning altar of Makhleb.
  1952 | D:3      | Reached XP level 4. HP: 30/30 MP: 4/4
  2175 | D:3      | Reached skill level 5 in Fighting
  2347 | D:3      | Reached XP level 5. HP: 29/35 MP: 5/5
  2483 | D:3      | Reached skill level 6 in Ranged Weapons
  2610 | D:3      | Slain by a goblin

Illustrated notes

Levels and vault maps discovered:
D:1:      ebering_hopf_link, layout_basic, chequers_ecumenical_altar_lobes,
          serial_shops, nicolae_lakefront_shop
D:2:      layout_basic, basic_altar
D:3:      minmay_goblin_kobold_castle, layout_rooms, minivault_24

Skill      XL: |  1  2  3  4  5 |
---------------+----------------+-----
Fighting       | 3 4 5 |  5.0
Ranged Weapons | 6 |  6.2
Dodging        | |  2.4
Stealth        | |  1.3

Action                     |  1- 3 |  4- 6 || total
---------------------------+-------+-------++-------
   Fire: Shortbow          |    66 |    89 ||   155
    Use: Scroll            |     8 |       ||     8
 Armour: Leather armour    |     5 |    23 ||    28
  Dodge: Dodged            |    20 |    88 ||   108

Table legend: (Time is in decaauts)
 A = Elapsed time spent in this place.
 B = Non-inter-level travel time spent in this place.
 C = Inter-level travel time spent in this place.
 D = Time resting spent in this place.
 E = Time spent auto-exploring this place.
 F = Levels seen in this place.
 G = Mean time per level.
                   A        B        C        D        E       F      G
               +--------+--------+--------+--------+--------+-----+--------+
         Total |   2655 |   2521 |    134 |    214 |   1961 |   3 |  885.0 |
       Dungeon |   2655 |   2521 |    134 |    214 |   1961 |   3 |  885.0 |
               +--------+--------+--------+--------+--------+-----+--------+

Top non-repeatable levels by time:
     D:1: 1010 daAuts
     D:3: 964 daAuts
     D:2: 679 daAuts
